 Dungeon Crawl Stone Soup version 0.23.2-1-ga50397a (webtiles) character file.

Game seed: 6163573219248838504

4078 myga the Scholar of Death (level 10, -3/66 HPs)
             Began as a Demonspawn Necromancer on May 10, 2019.
             Was a Follower of Kikubaaqudgha.
             Killed from afar by a gargoyle (12 damage)
             ... with a stone arrow
             ... on level 9 of the Dungeon.
             The game lasted 00:47:38 (9003 turns).

myga the Scholar of Death (Demonspawn Necromancer)  Turns: 9003, Time: 00:47:41

Health: -3/66      AC: 11    Str:  8    XL:     10   Next: 5%
Magic:  19/22      EV: 14    Int: 19    God:    Kikubaaqudgha [*.....]
Gold:   443        SH:  0    Dex: 19    Spells: 4/26 levels left

rFire    . . .     SeeInvis .   e - +3 dagger (venom)
rCold    . . .     Gourm    .   (no shield)
rNeg     . . .     Faith    +   a - +0 robe
rPois    .         Spirit   .   y - +2 hat
rElec    .         Reflect  .   C - scarf {cloud immunity}
rCorr    .         Harm     .   f - +0 pair of gloves
MR       .....                  (no boots)
Stlth    +++.......             E - amulet of faith
HPRegen  1.21/turn              x - +4 ring of dexterity
MPRegen  0.18/turn              (no ring)

@: regenerating
A: iridescent scales 3, foul stench 1, spiny 1, rot immunity
a: Receive Corpses, Renounce Religion


You were on level 9 of the Dungeon.
You worshipped Kikubaaqudgha.
Kikubaaqudgha was aware of your devotion.
You were not hungry.

You visited 2 branches of the dungeon, and saw 10 of its levels.

You collected 443 gold pieces.

Inventory:

Hand Weapons
 e - a +3 dagger of venom (weapon)
Armour
 a - a +0 robe (worn)
 f - a +0 pair of gloves (worn)
 w - a +0 cloak
 y - a +2 hat (worn)
 C - a scarf of cloud immunity (worn)
Jewellery
 b - an uncursed amulet of regeneration {unknown}
 x - a +4 ring of dexterity (left hand)
 E - an amulet of faith (around neck)
Wands
 o - a wand of disintegration (7)
 r - a wand of clouds (5)
 u - a wand of flame (8)
Scrolls
 d - 2 scrolls of teleportation
 g - a scroll of random uselessness {unknown}
 h - a scroll of magic mapping {unknown}
 m - 2 scrolls of remove curse
 n - 5 scrolls of blinking
 p - a scroll of fog {unknown}
 s - a scroll of amnesia {unknown}
 t - a scroll of enchant weapon
 v - a scroll of fear {unknown}
 z - a scroll of acquirement {unknown}
 B - a scroll of enchant armour {unknown}
Potions
 i - a potion of mutation
 j - a potion of magic
 k - a potion of haste
 l - a potion of lignification
 q - 4 potions of curing
 A - a potion of brilliance
 D - a potion of cancellation
Comestibles
 c - 14 rations


   Skills:
 + Level 1.5 Fighting
 + Level 3.5 Short Blades
 + Level 2.9 Dodging
 + Level 3.8 Stealth
 + Level 8.9 Spellcasting
 + Level 10.8 Necromancy
 + Level 0.3 Evocations


You had 4 spell levels left.
You knew the following spells:

 Your Spells              Type           Power        Failure   Level  Hunger
a - Pain                  Necr           ####         1%          1    None
b - Animate Skeleton      Necr           N/A          1%          1    None
c - Vampiric Draining     Necr           #####.....   1%          3    None
d - Animate Dead          Necr           N/A          1%          4    ###....
e - Regeneration          Chrm/Necr      ####......   2%          3    None
f - Corpse Rot            Necr           N/A          1%          2    None
g - Sublimation of Blood  Necr           #####.....   1%          2    None
h - Confuse               Hex            #.......     26%         3    None
i - Gell's Gravitas       Tloc           #.........   26%         3    None

Your spell library contained the following spells:

 Spells                   Type           Power        Failure   Level  Hunger
 Confusing Touch          Hex            #.....       9%          1    None
 Petrify                  Tmut/Erth      #.......     63%         4    ###....
 Metabolic Englaciation   Hex/Ice        #.........   93%         5    #####..
 Yara's Violent Unravell  Hex/Tmut       #.........   93%         5    #####..


Dungeon Overview and Level Annotations

Branches:
Dungeon (9/15)             Temple (1/1) D:4
   Lair: D:8-11         Orc: D:9-12

Altars:
Ashenzari
Cheibriados
Elyvilon
Fedhas
Gozag
Hepliaklqana
Kikubaaqudgha
Makhleb
Nemelex Xobeh
Okawaru
Qazlal
Ru
Sif Muna
Trog
Uskayaw
Vehumet
Xom
Yredelemnul
Zin
The Shining One


Innate Abilities, Weirdness & Mutations

You are completely covered in iridescent scales. (AC +6)
You may emit foul miasma when damaged in melee.
You are partially covered in sharp spines.
You are immune to rotting.


Message History

You hit the gargoyle but do no damage.
The gargoyle is moderately damaged.
The gargoyle hurls a stone arrow at you.
The stone arrow hits you!!
You hit the gargoyle.
The gargoyle is moderately damaged.
The gargoyle misses you.
You hit the gargoyle but do no damage.
The gargoyle is moderately damaged.
The gargoyle hurls a stone arrow at you.
The stone arrow hits you!!
* * * LOW HITPOINT WARNING * * *
There is an open door, spattered with blood here.
Casting: Vampiric Draining (safe; 1% risk of failure)
Confirm with . or Enter, or press ? or * to list all spells.
Your skin crawls.
The gargoyle hurls a stone arrow at you.
The stone arrow hits you!
You die...
Kikubaaqudgha rasps: "You have failed me!
Welcome... death!"

###
#.#######
#.......#
#.#####.#
#.# #.# #.#
#.# #.# #.#
########@##
#.#
#.....9..(#
#.##########
#....$....#
#..........(
#......)..#
############
########+#..
# .## # .. #
.## #


You could see a gargoyle.

Vanquished Creatures
  A two-headed ogre (D:8)
  The ghost of Tribosh the Martial Artist, a novice OpFi (D:7)
  A hippogriff (D:8)
  Grum (D:8)
  A water moccasin (D:5)
  An ice beast (D:6)
  A sky beast (D:5)
  2 orc warriors
  A phantom (D:8)
  3 ogres
  2 wolves (D:8)
  10 bullfrogs
  A scorpion (D:8)
  3 wights (D:5)
  2 howler monkeys (D:7)
  6 crimson imps
  2 hounds
  A centaur skeleton (D:3)
  An orc priest (D:7)
  4 orc wizards
  3 iguanas
  3 worker ants
  A hound zombie (D:5)
  7 adders
  A shadow imp (D:6)
  2 adder skeletons (D:7)
  An adder zombie (D:8)
  2 worms
  5 dart slugs (D:1)
  6 leopard geckos
  19 orcs
  5 ball pythons
  5 bats
  3 giant cockroaches
  4 goblins
  9 hobgoblins
  6 kobolds
  3 quokkas
  8 frilled lizards
  A goblin zombie (D:4)
  A hobgoblin zombie (D:4)
  A kobold skeleton (D:4)
  2 kobold zombies (D:4)
  A leopard gecko skeleton (D:4)
  A leopard gecko zombie (D:7)
  2 orc skeletons (D:4)
  2 quokka zombies (D:6)
  7 rats
  A withered plant (D:7)
157 creatures vanquished.

Vanquished Creatures (collateral kills)
  An ice beast (D:8)
  2 worms (D:3)
  An orc (D:6)
  A hobgoblin (D:1)
  A goblin skeleton (D:4)
  2 hobgoblin zombies (D:4)
  A kobold zombie (D:4)
  A leopard gecko zombie (D:5)
  2 orc zombies (D:4)
12 creatures vanquished.

Vanquished Creatures (others)
  A withered plant (D:7)
1 creature vanquished.

Grand Total: 170 creatures vanquished

Notes
Turn   | Place    | Note
-------+----------+-------------------------------------------
     0 | D:1      | myga the Demonspawn Necromancer began the quest for the
                  | Orb.
     0 | D:1      | Reached XP level 1. HP: 13/13 MP: 3/3
     2 | D:1      | Learned a level 1 spell: Animate Skeleton
   555 | D:1      | Gained mutation: You are partially covered in sharp spines.
                  | [demonic ancestry]
   555 | D:1      | Reached XP level 2. HP: 19/19 MP: 3/5
   597 | D:1      | Reached skill level 5 in Necromancy
   868 | D:1      | Gained mutation: You are partially covered in iridescent
                  | scales. (AC +2) [demonic ancestry]
   868 | D:1      | Reached XP level 3. HP: 24/24 MP: 3/6
   944 | D:1      | Learned a level 3 spell: Vampiric Draining
  2156 | D:3      | Reached skill level 1 in Short Blades
  2156 | D:3      | Gained mutation: You are immune to rotting. [demonic
                  | ancestry]
  2156 | D:3      | Reached XP level 4. HP: 15/30 MP: 3/8
  2280 | D:3      | Gained mutation: You are mostly covered in iridescent
                  | scales. (AC +4) [demonic ancestry]
  2280 | D:3      | Reached XP level 5. HP: 9/35 MP: 2/9
  3189 | D:3      | Learned a level 4 spell: Animate Dead
  3304 | D:4      | Reached skill level 6 in Necromancy
  3304 | D:4      | Reached XP level 6. HP: 41/41 MP: 8/11
  3422 | D:4      | Found a glowing golden altar of the Shining One.
  3730 | D:4      | Gained mutation: You are completely covered in iridescent
                  | scales. (AC +6) [demonic ancestry]
  3730 | D:4      | Reached XP level 7. HP: 39/47 MP: 5/13
  4010 | D:4      | Found a shimmering altar of Xom.
  4012 | D:4      | Found a bloodstained altar of Trog.
  4015 | D:4      | Found an iron altar of Okawaru.
  4017 | D:4      | Found a radiant altar of Vehumet.
  4017 | D:4      | Found a shattered altar of Ashenzari.
  4115 | D:4      | Learned a level 3 spell: Regeneration
  4136 | D:4      | Found a staircase to the Ecumenical Temple.
  4147 | Temple   | Entered the Ecumenical Temple
  4254 | Temple   | Became a worshipper of Kikubaaqudgha
  4566 | D:5      | Entered Level 5 of the Dungeon
  4826 | D:5      | Reached skill level 7 in Necromancy
  4868 | D:5      | Reached skill level 5 in Spellcasting
  5384 | D:5      | Reached XP level 8. HP: 40/53 MP: 6/16
  5756 | D:6      | Reached skill level 8 in Necromancy
  5834 | D:6      | Found an opulent altar of Gozag.
  6791 | D:7      | Reached skill level 9 in Necromancy
  6964 | D:7      | Found a runed translucent door.
  6965 | D:7      | Noticed Tribosh's ghost (novice OpFi)
  7065 | D:7      | Reached * piety under Kikubaaqudgha
  7065 | D:7      | Identified Kikubaaqudgha's Papyrus of Evil Arts
                  | (Kikubaaqudgha gifted it to you on level 7 of the Dungeon)
  7065 | D:7      | Received a gift from Kikubaaqudgha
  7076 | D:7      | Learned a level 2 spell: Corpse Rot
  7079 | D:7      | Learned a level 2 spell: Sublimation of Blood
  7266 | D:7      | Reached XP level 9. HP: 46/58 MP: 13/19
  7697 | D:7      | Killed Tribosh's ghost
  7697 | D:7      | Reached skill level 1 in Fighting
  7878 | D:8      | Reached skill level 10 in Necromancy
  8084 | D:8      | Noticed Grum
  8103 | D:8      | Killed Grum
  8141 | D:8      | Noticed a two-headed ogre
  8155 | D:8      | Killed a two-headed ogre
  8155 | D:8      | Gained mutation: You may emit foul miasma when damaged in
                  | melee. [demonic ancestry]
  8155 | D:8      | Reached XP level 10. HP: 24/66 MP: 1/22
  8941 | D:8      | Learned a level 3 spell: Confuse
  8945 | D:8      | Learned a level 3 spell: Gell's Gravitas
  8981 | D:9      | Noticed a gargoyle
  9003 | D:9      | Killed from afar by a gargoyle

Skill      XL: |  1  2  3  4  5  6  7  8  9 |
---------------+----------------------------+-----
Necromancy     | 5 6 7 9 10 | 10.8
Short Blades   | 1 2 3 |  3.5
Stealth        | 2 3 |  3.8
Spellcasting   | 3 4 5 7 8 |  8.9
Dodging        | 2 |  2.9
Fighting       | 1 |  1.5
Evocations     | |  0.3

Action                   |  1- 3 |  4- 6 |  7- 9 | 10-12 || total
-------------------------+-------+-------+-------+-------++-------
Melee: Unarmed           |     9 |       |       |       ||     9
       Club              |     5 |       |       |       ||     5
       Dagger            |    39 |    58 |   140 |    24 ||   261
 Cast: Pain              |    49 |    48 |   122 |    12 ||   231
       Animate Skeleton  |    10 |    14 |    29 |       ||    53
       Vampiric Draining |       |     3 |    14 |     2 ||    19
       Animate Dead      |       |     1 |       |       ||     1
       Corpse Rot        |       |       |     1 |       ||     1
       Confuse           |       |       |       |     1 ||     1
       Regeneration      |       |       |       |     1 ||     1
Invok: Receive Corpses   |       |       |     1 |       ||     1
Evoke: Wand              |       |       |     3 |     8 ||    11
  Use: Scroll            |     1 |       |     7 |       ||     8
       Potion            |       |       |     5 |     1 ||     6
 Stab: Sleeping          |     4 |     4 |     7 |       ||    15
       Distracted        |       |     1 |       |       ||     1
  Eat: Chunk             |     4 |     5 |    12 |       ||    21
       Ration            |       |       |     1 |     1 ||     2
Armor: Robe              |     9 |    11 |    27 |     3 ||    50
Dodge: Dodged            |    33 |    38 |    84 |    12 ||   167
